 Dungeon Crawl Stone Soup version 0.28-a0-793-g31680bbd8b (webtiles) character file.

Game seed: 13388437205033147626

107 siradein the Skirmisher (level 4, -6/36 HPs)
             Began as a Demonspawn Fighter on Nov 5, 2021.
             Mangled by a gnoll (7 damage)
             ... on level 2 of the Dungeon.
             The game lasted 00:02:59 (1345 turns).

siradein the Skirmisher (Demonspawn Fighter)        Turns: 1345, Time: 00:02:59

Health: -6/36      AC:  7    Str: 18    XL:     4   Next: 56%
Magic:  5/5        EV:  9    Int:  9    God:
Gold:   27         SH:  4    Dex: 12    Spells: 3/3 levels left

rFire   . . .      SeeInvis .   a - +0 trident
rCold   . . .      Faith    .   c - +0 buckler
rNeg    . . .      Spirit   .   b - +0 scale mail
rPois   +          Reflect  .   (helmet restricted)
rElec   .          Harm     .   (no cloak)
rCorr   .          Rampage  .   (no gloves)
Will    .....                   (no boots)
Stlth   ..........              (no amulet)
HPRegen 0.12/turn               f - ring of poison resistance
MPRegen 0.09/turn               (no ring)

@: no status effects
A: antennae 1, sharp scales 1
a: no special abilities


You were on level 2 of the Dungeon.
You visited 1 branch of the dungeon, and saw 2 of its levels.

You collected 27 gold pieces.

Inventory:

Hand Weapons
 a - a +0 trident (weapon)
Armour
 b - a +0 scale mail (worn)
 c - a +0 buckler (worn)
Jewellery
 f - a ring of poison resistance (left hand)
Scrolls
 g - a scroll of noise {unknown}
 h - a scroll of amnesia {unknown}
 i - 4 scrolls of identify {unknown}
 j - a scroll of holy word {unknown}
 k - a scroll of magic mapping {unknown}
Potions
 d - a potion of might
 e - a potion of flight {unknown}
 l - a potion of invisibility {unknown}


   Skills:
 + Level 3.6 Fighting
 + Level 2.5 Polearms
 + Level 3.2 Armour
 + Level 3.2 Shields
 + Level 2.1 Invocations


You had 3 spell levels left.
You didn't know any spells.
Your spell library contained the following spells:

 Spells                   Type           Power      Damage    Failure   Level
 Slow                     Hex            0%         N/A       80%         1
 Confusing Touch          Hex            0%         N/A       99%         3
 Yara's Violent Unravell  Hex/Tmut       0%         3d3       100%        5


Dungeon Overview and Level Annotations

Branches:
Dungeon (2/15)

Altars:


Innate Abilities, Weirdness & Mutations

You have a pair of small antennae on your head.
You are partially covered in razor-sharp scales. (AC +1, Slay +1)


Message History

You barely miss the gnoll.
The kobold throws a stone.
The stone closely misses you. The hobgoblin misses you.
The gnoll barely misses you. The kobold barely misses you.
The hobgoblin hits you.
You hit the hobgoblin but do no damage. The hobgoblin barely misses you.
You hit the hobgoblin.
You kill the hobgoblin!
You hit the gnoll.
The gnoll is lightly wounded.
The gnoll hits you with a +0 flail!
You are too injured to fight recklessly!
You are too injured to fight recklessly!
You are too injured to fight recklessly!
You are too injured to fight recklessly!
You are too injured to fight recklessly!
The gnoll closely misses you.
The kobold throws a stone.
You block the stone. The gnoll hits you with a +0 flail.
The kobold hits you with a +0 short sword.
* * * LOW HITPOINT WARNING * * *
The kobold barely misses you.
The kobold throws a stone.
You block the stone.
The kobold throws a stone.
The stone hits you but does no damage. The gnoll barely misses you.
You barely miss the gnoll.
The gnoll is lightly wounded.
You block the gnoll's attack. The gnoll hits you with a +0 flail.
* * * LOW HITPOINT WARNING * * *
You barely miss the gnoll.
The gnoll is lightly wounded.
You block the gnoll's attack.
You puncture the gnoll!
The gnoll is severely wounded.
The gnoll hits you with a +0 flail.
* * * LOW HITPOINT WARNING * * *
You barely miss the gnoll.
The gnoll is severely wounded.
The gnoll hits you with a +0 flail!
You die...

####### #.....#########
#.....#.......# ###########
#.....#.......# #.........#
#.....#.......# #.#######.###
+.....#.......###.#.#.......#
#.....#......Kg@............#
##.....#.......###÷#.........#
...............###.#.........#
##.....#####.....#......#...†####
.......# #.....#.#.#.##..#.....
##.....# #...............#####.
#.....# #......###.###### #...
##.....#####......# ..# #.#.
...............>..#.#.. #...


You could see a gnoll and a kobold.

Vanquished Creatures
  A hound (D:2)
  2 adders (D:2)
  2 gnolls (D:2)
  A worm (D:2)
  3 endoplasms
  2 giant cockroaches
  4 goblins
  3 hobgoblins
  4 jackals (D:2)
  A quokka (D:2)
  5 ball pythons
  A bat (D:2)
  A frilled lizard (D:1)
  3 kobolds
  5 rats
38 creatures vanquished.

Notes
Turn   | Place    | Note
-------+----------+-------------------------------------------
     0 | D:1      | siradein the Demonspawn Fighter began the quest for the
                  | Orb.
     0 | D:1      | Reached XP level 1. HP: 18/18 MP: 1/1
   583 | D:1      | Gained mutation: You have a pair of small antennae on your
                  | head. [demonic ancestry]
   583 | D:1      | Reached XP level 2. HP: 24/24 MP: 2/2
   834 | D:1      | You fall into a shaft and drop 1 floor!
   842 | D:2      | Reached skill level 1 in Invocations
   929 | D:2      | Gained mutation: You are partially covered in razor-sharp
                  | scales. (AC +1, Slay +1) [demonic ancestry]
   929 | D:2      | Reached XP level 3. HP: 22/29 MP: 2/4
  1163 | D:2      | Reached XP level 4. HP: 35/35 MP: 5/5
  1344 | D:2      | HP: 1/36 [gnoll (6)]
  1345 | D:2      | Mangled by a gnoll

Illustrated notes

Levels and vault maps discovered:
D:1:      dpeg_arrival_simpleton_b, layout_loops_corners, wad_floor_pattern_1,
          minmay_tetromino_s2
D:2:      layout_basic, shapermc_ecumenical_altar_starsandcircs

Skill      XL: |  1  2  3  4 |
---------------+-------------+-----
Polearms       | 2 |  2.5
Invocations    | 1 2 |  2.1
Armour         | 3 |  3.2
Shields        | 3 |  3.2
Fighting       | |  3.6

Action                   |  1- 3 |  4- 6 || total
-------------------------+-------+-------++-------
Melee: Trident           |    80 |    38 ||   118
Armor: Scale mail        |    21 |    10 ||    31
Dodge: Dodged            |    29 |    16 ||    45
Block: Buckler           |     8 |    13 ||    21

Table legend: (Time is in decaauts)
 A = Elapsed time spent in this place.
 B = Non-inter-level travel time spent in this place.
 C = Inter-level travel time spent in this place.
 D = Time resting spent in this place.
 E = Time spent auto-exploring this place.
 F = Levels seen in this place.
 G = Mean time per level.
                   A        B        C        D        E       F      G
               +--------+--------+--------+--------+--------+-----+--------+
         Total |   1370 |   1370 |      0 |      0 |   1084 |   2 |  685.0 |
       Dungeon |   1370 |   1370 |      0 |      0 |   1084 |   2 |  685.0 |
               +--------+--------+--------+--------+--------+-----+--------+

Top non-repeatable levels by time:
     D:1: 845 daAuts
     D:2: 525 daAuts
